Map: 大气2000-天梯版

Players

cyan - Winner!

  • Race: Protoss Protoss
  • League: Grandmaster

TIME (Oliveira)

  • Race: Terran Terran
  • League: Grandmaster

Event: DreamHack SC2 Masters 2021 Winter

VOD

Have the link to the VOD?

Description

Time

  • Played on: Oct. 9, 2021, 9:26 a.m.
  • Length: 9:42

All games in this series

Show
View Real Time Build Order
Export as new Build Order

cyan Protoss - Winner!

Build Orders: 1 Gate Expand, Blink Stalkers 

Get SALT Encoding   

  12  0:00  Probe  
  13  0:12  Probe  
  14  0:17  Pylon  
  14  0:24  Probe (Chrono Boost)  
  15  0:36  Gateway, Probe (Chrono Boost)  
  16  0:45  Probe (Chrono Boost)  
  16  0:46  Assimilator  
  17  0:51  Probe  
  18  1:03  Probe  
  19  1:15  Probe  
  20  1:23  Cybernetics Core  
  20  1:33  Nexus  
  20  1:35  Probe  
  21  1:42  Pylon  
  21  1:49  Probe  
  21  1:50  Assimilator  
  21  1:57  Adept (Chrono Boost)  
  21  2:01  Probe, Warp Gate  
  24  2:13  Probe (Chrono Boost)  
  26  2:23  Probe (Chrono Boost)  
  26  2:25  Twilight Council  
  26  2:28  Probe (Chrono Boost)  
  27  2:33  Stalker  
  29  2:40  Probe  
  29  2:43  Gateway  
  30  2:46  Probe  
  31  2:52  Probe  
  31  2:58  Blink (Chrono Boost), Probe  
  32  3:04  Probe  
  34  3:10  Probe  
  34  3:12  Stalker  
  37  3:16  Probe  
  38  3:22  Probe  
  39  3:28  Robotics Facility, Probe  
  40  3:34  Probe  
  40  3:38  Pylon  
  40  3:40  Probe  
  42  3:47  Probe  
  43  3:52  Probe  
  44  3:55  Nexus  
  44  3:59  Probe  
  44  4:01  Assimilator  
  45  4:03  Assimilator  
  45  4:04  Probe  
  46  4:11  Probe  
  46  4:15  Pylon  
  46  4:16  Probe  
  46  4:18  Stalker, Observer  
  46  4:20  Stalker  
  46  4:23  Probe  
  52  4:27  Pylon  
  52  4:28  Probe  
  53  4:35  Probe, Templar Archives  
  54  4:39  Observer  
  54  4:41  Probe  
  56  4:47  Probe  
  56  4:48  Gateway  
  56  4:51  Charge  
  56  4:52  Gateway  
  57  4:54  Probe  
  57  4:59  Probe  
  59  5:00  Psionic Storm  
  59  5:02  Observer  
  59  5:06  Probe  
  61  5:08  Probe  
  61  5:11  Probe  
  61  5:12  Gateway  
  63  5:15  Gateway  
  63  5:18  Probe  
  64  5:21  Observer  
  64  5:24  Gateway  
  64  5:26  Probe  
  65  5:30  Gateway  
  65  5:31  Probe  
  65  5:32  Probe  
  67  5:38  High Templar  
  67  5:39  Stalker  
  67  5:41  Probe  
  72  5:47  Probe  
  72  5:48  Assimilator, Probe  
  74  5:52  Shield Battery  
  74  5:53  Probe  
  74  5:54  Stalker  
  77  5:59  Immortal (Chrono Boost), Probe  
  77  6:00  Pylon  
  77  6:03  High Templar  
  84  6:04  Probe  
  84  6:13  Pylon  
  84  6:15  Probe  
  84  6:17  Probe  
  85  6:19  High Templar  
  85  6:21  Probe, Pylon  
  87  6:27  Forge, Shield Battery  
  87  6:30  Shield Battery  
  87  6:31  Probe  
  87  6:32  High Templar  
  90  6:38  Zealot x2  
  94  6:43  Zealot x2  
  98  6:50  Pylon  
  98  6:55  Pylon  
  98  6:57  Pylon  
  98  6:59  Stalker x2  
  102  7:01  Probe x2  
  102  7:07  Stalker x2  
  108  7:09  Protoss Ground Armor Level 1 (Chrono Boost), Zealot x2  
  112  7:16  Probe  
  112  7:17  Probe  
  112  7:19  Zealot x2  
  118  7:29  Zealot x4  
  120  7:33  Pylon x2  
  120  7:37  Stalker x2  
  120  7:40  Immortal (Chrono Boost)  
  128  7:47  Probe x2  
  128  7:48  Shield Battery  
  130  7:51  Observer  
  130  7:52  Stalker x2  
  130  7:55  Zealot  
  132  7:59  Probe  
  132  8:00  Zealot, Sentry x2  
  131  8:09  Probe  
  131  8:12  Immortal  
  136  8:21  Photon Cannon  
  136  8:22  Assimilator  
  136  8:27  Zealot x5  
  136  8:28  Zealot  
  142  8:36  Probe  
  143  8:45  Probe  
  143  8:50  Archon  
  143  8:51  Zealot x2  
  143  8:52  Zealot x5  
  143  8:54  Zealot  
  127  9:02  Warp Prism  
  123  9:16  Zealot x6  
  123  9:17  Zealot  
Show
View Real Time Build Order
Export as new Build Order

TIME Terran 

Build Orders:  

Get SALT Encoding   

  12  0:00  SCV  
  13  0:12  SCV  
  14  0:17  Supply Depot  
  14  0:24  SCV  
  15  0:39  SCV  
  15  0:41  Barracks  
  16  0:44  Refinery  
  16  0:51  SCV  
  17  1:03  SCV  
  18  1:15  SCV  
  19  1:28  Marine, Orbital Command  
  20  1:47  Barracks Reactor, Command Center  
  20  1:54  SCV  
  20  1:56  Supply Depot  
  21  2:06  SCV  
  21  2:08  Factory  
  22  2:18  SCV  
  23  2:23  Marine  
  23  2:24  Marine  
  23  2:25  Refinery  
  25  2:30  SCV  
  25  2:32  Bunker  
  26  2:41  Marine x2  
  26  2:42  SCV  
  29  2:52  Starport, Hellion  
  32  2:58  SCV  
  32  3:03  Orbital Command  
  32  3:08  Marine  
  32  3:09  Marine  
  32  3:11  SCV  
  35  3:16  Widow Mine  
  37  3:23  SCV  
  38  3:28  SCV  
  38  3:29  Supply Depot, Medivac  
  38  3:32  Marine  
  42  3:37  Widow Mine  
  42  3:41  SCV  
  45  3:42  SCV  
  46  3:50  Marine  
  46  3:53  SCV  
  46  3:55  SCV  
  47  3:58  Factory Tech Lab  
  47  4:00  Supply Depot, Starport Tech Lab, Marine  
  48  4:05  SCV  
  48  4:08  Marine  
  50  4:14  SCV  
  50  4:15  Supply Depot  
  51  4:17  SCV  
  51  4:19  Raven  
  51  4:20  Barracks  
  51  4:22  Marine  
  51  4:23  Barracks  
  55  4:27  Siege Tank  
  55  4:28  SCV  
  55  4:29  Marine  
  60  4:32  SCV  
  60  4:36  Engineering Bay  
  61  4:38  Refinery  
  61  4:41  Supply Depot  
  61  4:42  SCV  
  61  4:44  Marine  
  63  4:47  SCV  
  64  4:54  SCV  
  64  4:55  Marine  
  66  5:01  Siege Tank  
  66  5:02  Supply Depot  
  66  5:03  SCV  
  66  5:04  Marine  
  71  5:08  Refinery  
  71  5:09  SCV  
  71  5:10  Barracks Tech Lab  
  71  5:13  Stimpack, Marine  
  73  5:14  Marine  
  73  5:18  SCV  
  74  5:22  Marine  
  74  5:23  Terran Infantry Weapons Level 1, SCV  
  74  5:24  Supply Depot  
  76  5:30  SCV, Marine  
  76  5:31  Marine  
  76  5:32  Marine  
  76  5:34  Combat Shield  
  80  5:37  Supply Depot, SCV  
  80  5:40  Starport Reactor, Marine  
  82  5:48  Marauder  
  82  5:49  Marauder  
  86  5:50  Marine  
  86  5:53  Supply Depot  
  86  5:56  Siege Tank  
  90  5:59  Marine  
  91  6:08  Command Center, Marine  
  91  6:11  SCV x2  
  94  6:17  Marauder x2  
  98  6:18  Medivac  
  98  6:19  Medivac  
  98  6:24  Supply Depot  
  102  6:27  Marine x2  
  104  6:39  Marauder x2  
  108  6:40  Factory Reactor  
  108  6:41  Barracks  
  108  6:42  Barracks  
  108  6:48  Marine  
  108  6:53  Medivac  
  108  6:54  Medivac  
  113  6:56  Concussive Shells, Marine  
  113  6:58  SCV x2  
  113  7:00  Marauder  
  117  7:06  Ghost Academy  
  117  7:08  Supply Depot  
  117  7:12  Marine  
  118  7:19  SCV x2, Marine, Orbital Command  
  123  7:31  Barracks Reactor  
  123  7:33  Marine x2  
  123  7:34  Widow Mine x2  
  123  7:36  SCV  
  134  7:39  Ghost x3  
  134  7:42  Supply Depot  
  134  7:47  Supply Depot  
  132  7:51  Marine  
  132  7:52  Orbital Command  
  133  7:59  SCV  
  133  8:01  SCV  
  135  8:06  Marine  
  135  8:08  Medivac, Marine  
  135  8:09  Marauder  
  141  8:20  SCV  
  141  8:28  Medivac  
  141  8:32  Marauder x2, SCV, Marine x3  
  149  8:34  Widow Mine x2  
  149  8:35  SCV  
  149  8:36  SCV  
  149  8:39  Refinery  
  149  8:40  Refinery  
  155  8:44  SCV  
  152  8:53  Marine x2  
  152  8:54  Marauder  
  126  8:59  SCV x2  
  101  9:07  Marine x2  
  101  9:08  Marauder  
  101  9:09  SCV  
  98  9:10  Ghost  
  98  9:11  Medivac, SCV  
  98  9:13  Widow Mine x2, SCV  
  95  9:20  Marine  
  95  9:21  SCV  
  95  9:23  SCV  
  98  9:26  SCV  

Tags
 
Add a new tag
Caveats
  • Supply blocks, unpowered buildings, or Contaminate may cause inaccurate times.
  • Supply counts are checked every 10 seconds.